TOP OF THE 1ST |
Augusta GreenJackets batting - Pitching for Lakewood BlueClaws : LHP Pat Palazzolo
|
Pitching: LHP Pat Palazzolo
|
|
Batting: LHB Gil Caraveo
|
0-0: Ball 1-0: Ball 2-0: Foul Ball, location: 2F 2-1: Ball 3-1: Ground out 1-3 (Groundball, P, EV 73.1 MPH)
|
Batting: RHB Matt Shepard
|
0-0: Ball 1-0: Called Strike 1-1: Ball 2-1: Ball 3-1: Ground out 6-3 (Groundball, 6, EV 81.9 MPH)
|
Batting: LHB Tony Galvan
|
0-0: Called Strike 0-1: Fly out, F9 (Flyball, 89M, EV 85.0 MPH)
|
Top of the 1st over - 0 runs, 0 hits, 0 errors, 0 left on base; Augusta 0 - Lakewood 0 |
BOTTOM OF THE 1ST |
Lakewood BlueClaws batting - Pitching for Augusta GreenJackets : LHP Chong-yeol Wong
|
Pitching: LHP Chong-yeol Wong
|
|
Batting: RHB Joe Hewitt
|
0-0: Ball 1-0: Called Strike 1-1: Called Strike 1-2: Ground out U3 (Groundball, 34, EV 81.9 MPH)
|
Batting: RHB Carlos Morejon
|
0-0: Called Strike 0-1: Ball 1-1: Ball 2-1: Ball 3-1: Base on Balls
|
Batting: RHB Victor Arroyo
|
0-0: Ball 1-0: Foul Ball, location: 2F 1-1: Ball 2-1: Foul Ball, location: 2F 2-2: Fielders Choice at 2nd, 1-6 (Groundball, 13S, EV 68.8 MPH)
|
Batting: SHB Brett St. Clair
|
0-0: Ball 1-0: Swinging Strike 1-1: Ball 2-1: Swinging Strike 2-2: Foul Ball, location: 2F 2-2: Strikes out swinging
|
Bottom of the 1st over - 0 runs, 0 hits, 0 errors, 1 left on base; Augusta 0 - Lakewood 0 |
TOP OF THE 2ND |
Augusta GreenJackets batting - Pitching for Lakewood BlueClaws : LHP Pat Palazzolo
|
Batting: RHB Jonathan Reece
|
0-0: Swinging Strike 0-1: Ball 1-1: Reached on error, E3 (Groundball, 34, EV 90.6 MPH)
|
Batting: RHB Josh Lippens
|
0-0: Ball 1-0: Foul Ball, location: 2F 1-1: Grounds into double play, 4-6-3 (Groundball, 4, EV 88.8 MPH)
|
Batting: RHB Micah McErlean
|
0-0: Called Strike 0-1: Ball 1-1: Ball 2-1: Ball 3-1: Called Strike 3-2: Ground out 4-3 (Groundball, 4, EV 80.6 MPH)
|
Top of the 2nd over - 0 runs, 0 hits, 1 error, 0 left on base; Augusta 0 - Lakewood 0 |
BOTTOM OF THE 2ND |
Lakewood BlueClaws batting - Pitching for Augusta GreenJackets : LHP Chong-yeol Wong
|
Batting: RHB Mark Schultz
|
0-0: Foul Ball, location: 2F 0-1: Ball 1-1: Ball 2-1: Foul Ball, location: 2F 2-2: Ground out 4-3 (Groundball, 4, EV 90.6 MPH)
|
Batting: SHB Marco de Leon
|
0-0: Ball 1-0: Ball 2-0: Foul Ball, location: 2F 2-1: Foul Ball, location: 2F 2-2: Ball 3-2: Fly out, F8 (Flyball, 8LD, EV 105.0 MPH)
|
Batting: LHB Alex Fernandez
|
0-0: Ball 1-0: Ball 2-0: Ball 3-0: Base on Balls
|
Batting: RHB Prabhukumar Santhanakrishnan
|
0-0: Foul Ball, location: 2F 0-1: Ground out 6-3 (Groundball, 6S, EV 88.1 MPH)
|
Bottom of the 2nd over - 0 runs, 0 hits, 0 errors, 1 left on base; Augusta 0 - Lakewood 0 |
TOP OF THE 3RD |
Augusta GreenJackets batting - Pitching for Lakewood BlueClaws : LHP Pat Palazzolo
|
Batting: LHB Fred Arends
|
0-0: Fly out, F6 (Popup, 6M, EV 61.9 MPH)
|
Batting: RHB Omar Jordan
|
0-0: Ball 1-0: Ball 2-0: Ball 3-0: Base on Balls
|
Batting: RHB Gabe Ochoa
|
0-0: Ball 1-0: Called Strike 1-1: Foul Ball, location: 2F 1-2: Grounds into double play, 5-4-3 (Groundball, 56D, EV 109.4 MPH)
|
Top of the 3rd over - 0 runs, 0 hits, 0 errors, 0 left on base; Augusta 0 - Lakewood 0 |
BOTTOM OF THE 3RD |
Lakewood BlueClaws batting - Pitching for Augusta GreenJackets : LHP Chong-yeol Wong
|
Batting: RHB Pablo Lopez
|
0-0: Ball 1-0: Ball 2-0: Called Strike 2-1: Foul Ball, location: 2F 2-2: Foul Ball, location: 2F 2-2: Ball 3-2: Foul Ball, location: 2F 3-2: Ground out 5-3 (Groundball, 56, EV 83.8 MPH)
|
Batting: RHB Joe Hewitt
|
0-0: Ball 1-0: Foul Ball, location: 2F 1-1: Ball 2-1: Foul Ball, location: 2F 2-2: Ground out 6-3 (Groundball, 6, EV 101.9 MPH)
|
Batting: RHB Carlos Morejon
|
0-0: Ball 1-0: Swinging Strike 1-1: Foul Ball, location: 2F 1-2: Foul Ball, location: 2F 1-2: Foul Ball, location: 2F 1-2: Strikes out swinging
|
Bottom of the 3rd over - 0 runs, 0 hits, 0 errors, 0 left on base; Augusta 0 - Lakewood 0 |
TOP OF THE 4TH |
Augusta GreenJackets batting - Pitching for Lakewood BlueClaws : LHP Pat Palazzolo
|
Batting: LHB Gil Caraveo
|
0-0: Bunt missed! 0-1: Fly out, F5 (Popup, 5S, EV 41.2 MPH)
|
Batting: RHB Matt Shepard
|
0-0: Ball 1-0: Ball 2-0: Ball 3-0: Called Strike 3-1: Foul Ball, location: 2F 3-2: Foul Ball, location: 2F 3-2: Ground out U3 (Groundball, 34, EV 86.9 MPH)
|
Batting: LHB Tony Galvan
|
0-0: Ball 1-0: Foul Ball, location: 2F 1-1: Fly out, F6 (Line Drive, 6D, EV 72.5 MPH)
|
Top of the 4th over - 0 runs, 0 hits, 0 errors, 0 left on base; Augusta 0 - Lakewood 0 |
BOTTOM OF THE 4TH |
Lakewood BlueClaws batting - Pitching for Augusta GreenJackets : LHP Chong-yeol Wong
|
Batting: RHB Victor Arroyo
|
0-0: Foul Ball, location: 2F 0-1: Called Strike 0-2: Foul Ball, location: 2F 0-2: Ball 1-2: Ball 2-2: Ball 3-2: Base on Balls
|
Batting: SHB Brett St. Clair
|
0-0: Swinging Strike 0-1: Foul Ball, location: 2F 0-2: Strikes out looking
|
Batting: RHB Mark Schultz
|
0-0: Ball 1-0: Called Strike 1-1: Fly out, F9 (Flyball, 89S, EV 85.6 MPH)
|
Batting: SHB Marco de Leon
|
0-0: Called Strike 0-1: Foul Ball, location: 2F 0-2: Ball 1-2: Ground out 4-3 (Groundball, 34, EV 83.1 MPH)
|
Bottom of the 4th over - 0 runs, 0 hits, 0 errors, 1 left on base; Augusta 0 - Lakewood 0 |
TOP OF THE 5TH |
Augusta GreenJackets batting - Pitching for Lakewood BlueClaws : LHP Pat Palazzolo
|
Batting: RHB Jonathan Reece
|
0-0: Ball 1-0: Called Strike 1-1: Foul Ball, location: 2F 1-2: Strikes out swinging
|
Batting: RHB Josh Lippens
|
0-0: SINGLE (Groundball, 4MS, EV 73.8 MPH) (infield hit)
|
Batting: RHB Micah McErlean
|
0-0: Called Strike 0-1: Ball 1-1: Foul Ball, location: 2F 1-2: Foul Ball, location: 2F 1-2: Strikes out swinging
|
Batting: LHB Fred Arends
|
0-0: Called Strike 0-1: Swinging Strike 0-2: Strikes out swinging
|
Top of the 5th over - 0 runs, 1 hit, 0 errors, 1 left on base; Augusta 0 - Lakewood 0 |
BOTTOM OF THE 5TH |
Lakewood BlueClaws batting - Pitching for Augusta GreenJackets : LHP Chong-yeol Wong
|
Batting: LHB Alex Fernandez
|
0-0: Ball 1-0: SINGLE (Groundball, 6M, EV 100.6 MPH)
|
Batting: RHB Prabhukumar Santhanakrishnan
|
0-0: Ball 1-0: Ball 2-0: Ball 3-0: Called Strike 3-1: Called Strike 3-2: Strikes out swinging
|
Batting: RHB Pablo Lopez
|
0-0: Grounds into double play, 6-4-3 (Groundball, 6, EV 105.0 MPH)
|
Bottom of the 5th over - 0 runs, 1 hit, 0 errors, 0 left on base; Augusta 0 - Lakewood 0 |
TOP OF THE 6TH |
Augusta GreenJackets batting - Pitching for Lakewood BlueClaws : LHP Pat Palazzolo
|
Batting: RHB Omar Jordan
|
0-0: Called Strike 0-1: Ball 1-1: Foul Ball, location: 2F 1-2: Ground out U3 (Groundball, 34, EV 103.1 MPH)
|
Batting: RHB Gabe Ochoa
|
0-0: SINGLE (Line Drive, 8RS, EV 92.5 MPH)
|
Batting: LHB Gil Caraveo
|
0-0: Ball 1-0: Fielders Choice at 2nd, 4-6 (Groundball, 4M, EV 83.8 MPH)
|
Batting: RHB Matt Shepard
|
0-0: Ground out 2-3 (Groundball, 2R, EV 68.1 MPH)
|
Top of the 6th over - 0 runs, 1 hit, 0 errors, 1 left on base; Augusta 0 - Lakewood 0 |
BOTTOM OF THE 6TH |
Lakewood BlueClaws batting - Pitching for Augusta GreenJackets : LHP Chong-yeol Wong
|
Batting: RHB Joe Hewitt
|
0-0: Called Strike 0-1: Ball 1-1: Foul Ball, location: 2F 1-2: Strikes out swinging
|
Batting: RHB Carlos Morejon
|
0-0: Called Strike 0-1: Ball 1-1: Called Strike 1-2: Ball 2-2: Ball 3-2: Base on Balls
|
Pitching: RHP Brian Yinger
|
|
Batting: RHB Victor Arroyo
|
0-0: Foul Ball, location: 2F 0-1: Foul Ball, location: 2F 0-2: Ball 1-2: Strikes out looking
|
Batting: SHB Brett St. Clair
|
0-0: Foul Ball, location: 2F 0-1: Foul Ball, location: 2F 0-2: Strikes out swinging
|
Bottom of the 6th over - 0 runs, 0 hits, 0 errors, 1 left on base; Augusta 0 - Lakewood 0 |
TOP OF THE 7TH |
Augusta GreenJackets batting - Pitching for Lakewood BlueClaws : LHP Pat Palazzolo
|
Batting: LHB Tony Galvan
|
0-0: Ball 1-0: Ball 2-0: Ball 3-0: Called Strike 3-1: Foul Ball, location: 2F 3-2: Strikes out looking
|
Batting: RHB Jonathan Reece
|
0-0: Ball 1-0: Foul Ball, location: 2F 1-1: Foul Ball, location: 2F 1-2: Strikes out looking
|
Batting: RHB Josh Lippens
|
0-0: Foul Ball, location: 2F 0-1: Ball 1-1: Ball 2-1: Foul Ball, location: 2F 2-2: Fly out, F8 (Flyball, 8RD, EV 95.0 MPH)
|
Top of the 7th over - 0 runs, 0 hits, 0 errors, 0 left on base; Augusta 0 - Lakewood 0 |
BOTTOM OF THE 7TH |
Lakewood BlueClaws batting - Pitching for Augusta GreenJackets : RHP Brian Yinger
|
Batting: RHB Mark Schultz
|
0-0: Foul Ball, location: 2F 0-1: Swinging Strike 0-2: Ball 1-2: Foul Ball, location: 2F 1-2: Strikes out looking
|
Batting: SHB Marco de Leon
|
0-0: Called Strike 0-1: Swinging Strike 0-2: Ball 1-2: Strikes out looking
|
Batting: LHB Alex Fernandez
|
0-0: SINGLE (Groundball, 4MD, EV 95.0 MPH)
|
Batting: RHB Prabhukumar Santhanakrishnan
|
0-0: Ball 1-0: SINGLE (Line Drive, 8RS, EV 106.9 MPH) Alex Fernandez to second
|
Batting: RHB Pablo Lopez
|
0-0: Fielders Choice at 2nd, 5-4 (Groundball, 56, EV 86.2 MPH)
|
Bottom of the 7th over - 0 runs, 2 hits, 0 errors, 2 left on base; Augusta 0 - Lakewood 0 |
TOP OF THE 8TH |
Augusta GreenJackets batting - Pitching for Lakewood BlueClaws : LHP Pat Palazzolo
|
Pitching: RHP Omar Pineda
|
|
Batting: RHB Micah McErlean
|
0-0: Called Strike 0-1: Ground out 6-3 (Groundball, 6, EV 86.9 MPH)
|
Batting: LHB Fred Arends
|
0-0: Ball 1-0: Ball 2-0: Ball 3-0: SINGLE (Line Drive, 4MD, EV 105.0 MPH)
|
Pinch Hitting: LHB Gabe Velez
|
0-0: Ball 1-0: Foul Ball, location: 2F 1-1: Ball 2-1: SINGLE (Groundball, 6D, EV 106.2 MPH) Fred Arends to second
|
Pinch Hitting: LHB Nate Conley
|
0-0: Called Strike 0-1: Foul Ball, location: 2F 0-2: Ball 1-2: Strikes out swinging
|
Batting: LHB Gil Caraveo
|
0-0: Ball 1-0: Called Strike 1-1: Foul Ball, location: 2F 1-2: Fly out, F7 (Line Drive, 7, EV 91.9 MPH)
|
Top of the 8th over - 0 runs, 2 hits, 0 errors, 2 left on base; Augusta 0 - Lakewood 0 |
BOTTOM OF THE 8TH |
Lakewood BlueClaws batting - Pitching for Augusta GreenJackets : RHP Brian Yinger
|
Now at 1B: Ian Richardson
|
|
Now at SS: Devin Lowery
|
|
Batting: RHB Joe Hewitt
|
0-0: Called Strike 0-1: Foul Ball, location: 2F 0-2: Strikes out swinging
|
Batting: RHB Carlos Morejon
|
0-0: Called Strike 0-1: Called Strike 0-2: Foul Ball, location: 2F 0-2: Ball 1-2: Fly out, F9 (Flyball, 9D, EV 103.1 MPH)
|
Batting: RHB Victor Arroyo
|
0-0: Called Strike 0-1: Fly out, F9 (Flyball, 89M, EV 86.2 MPH)
|
Bottom of the 8th over - 0 runs, 0 hits, 0 errors, 0 left on base; Augusta 0 - Lakewood 0 |
TOP OF THE 9TH |
Augusta GreenJackets batting - Pitching for Lakewood BlueClaws : RHP Omar Pineda
|
Pitching: RHP Jonathan Beishline
|
|
Batting: RHB Matt Shepard
|
0-0: Ball 1-0: Foul Ball, location: 2F 1-1: Ball 2-1: Ball 3-1: Fly out, F8 (Flyball, 8RXD, EV 93.8 MPH)
|
Batting: LHB Tony Galvan
|
0-0: Called Strike 0-1: Swinging Strike 0-2: SINGLE (Line Drive, P, EV 96.9 MPH)
|
Batting: RHB Jonathan Reece
|
0-0: Ball 1-0: Ball Tony Galvan is caught stealing 2nd base 2-4 2-0: SINGLE (Line Drive, 89S, EV 94.4 MPH)
|
Batting: RHB Josh Lippens
|
0-0: Ball Jonathan Reece steals 2nd base 1-0: Fly out, F8 (Flyball, 89M, EV 95.6 MPH)
|
Top of the 9th over - 0 runs, 2 hits, 0 errors, 1 left on base; Augusta 0 - Lakewood 0 |
BOTTOM OF THE 9TH |
Lakewood BlueClaws batting - Pitching for Augusta GreenJackets : RHP Brian Yinger
|
Pitching: RHP Jay Kouns
|
|
Batting: SHB Brett St. Clair
|
0-0: Called Strike 0-1: Fly out, F8 (Flyball, 8LXD, EV 95.6 MPH)
|
Batting: RHB Mark Schultz
|
0-0: Ball 1-0: Ball 2-0: Called Strike 2-1: Foul Ball, location: 2F 2-2: Ball 3-2: Base on Balls
|
Batting: SHB Marco de Leon
|
0-0: Called Strike Mark Schultz is caught stealing 2nd base 2-6 0-1: Ground out 3-1 (Groundball, 34S, EV 85.6 MPH)
|
Bottom of the 9th over - 0 runs, 0 hits, 0 errors, 0 left on base; Augusta 0 - Lakewood 0 |
TOP OF THE 10TH |
Augusta GreenJackets batting - Pitching for Lakewood BlueClaws : RHP Jonathan Beishline
|
Batting: RHB Micah McErlean
|
0-0: SINGLE (Groundball, 4MD, EV 94.4 MPH)
|
Batting: LHB Fred Arends
|
0-0: Grounds into double play, 6-4-3 (Groundball, 6, EV 81.9 MPH)
|
Batting: RHB Devin Lowery
|
0-0: Ground out 1-3 (Groundball, P, EV 67.5 MPH)
|
Top of the 10th over - 0 runs, 1 hit, 0 errors, 0 left on base; Augusta 0 - Lakewood 0 |
BOTTOM OF THE 10TH |
Lakewood BlueClaws batting - Pitching for Augusta GreenJackets : RHP Jay Kouns
|
Batting: LHB Alex Fernandez
|
0-0: Called Strike 0-1: Swinging Strike 0-2: Ground out 3-1 (Groundball, 34S, EV 85.0 MPH)
|
Batting: RHB Prabhukumar Santhanakrishnan
|
0-0: Ball 1-0: Called Strike 1-1: Ball 2-1: Called Strike 2-2: Strikes out swinging
|
Batting: RHB Pablo Lopez
|
0-0: Called Strike 0-1: Ball 1-1: Ball 2-1: TRIPLE (Line Drive, 9LD, EV 109.4 MPH)
|
Batting: RHB Joe Hewitt
|
0-0: Called Strike 0-1: Fly out, F8 (Flyball, 8RD, EV 106.2 MPH)
|
Bottom of the 10th over - 0 runs, 1 hit, 0 errors, 1 left on base; Augusta 0 - Lakewood 0 |
TOP OF THE 11TH |
Augusta GreenJackets batting - Pitching for Lakewood BlueClaws : RHP Jonathan Beishline
|
Batting: RHB Ian Richardson
|
0-0: Ball 1-0: Foul Ball, location: 2F 1-1: Ball 2-1: Ball 3-1: Foul Ball, location: 2F 3-2: Base on Balls
|
Batting: LHB Gil Caraveo
|
0-0: Called Strike Ian Richardson steals 2nd base (no throw) 0-1: Ball 1-1: Intentional Walk
|
Batting: RHB Matt Shepard
|
0-0: Bunt missed! 0-1: Bunt missed! 0-2: Strikes out swinging
|
Batting: LHB Tony Galvan
|
0-0: Called Strike 0-1: Ball 1-1: Called Strike 1-2: Strikes out swinging
|
Batting: RHB Jonathan Reece
|
0-0: Ground out 4-3 (Groundball, 4, EV 81.2 MPH)
|
Top of the 11th over - 0 runs, 0 hits, 0 errors, 2 left on base; Augusta 0 - Lakewood 0 |
BOTTOM OF THE 11TH |
Lakewood BlueClaws batting - Pitching for Augusta GreenJackets : RHP Jay Kouns
|
Batting: RHB Carlos Morejon
|
0-0: Reached on error, E6 (Groundball, 6S, EV 81.2 MPH)
|
Batting: RHB Victor Arroyo
|
0-0: Called Strike 0-1: Ball 1-1: Foul Ball, location: 2F 1-2: Ball 2-2: Foul Ball, location: 2F 2-2: Strikes out looking
|
Batting: SHB Brett St. Clair
|
0-0: Foul Ball, location: 2F 0-1: Ball 1-1: Foul Ball, location: 2F 1-2: Foul Ball, location: 2F 1-2: Foul Ball, location: 2F 1-2: Fly out, F6 (Line Drive, 6M, EV 74.4 MPH) Lined into DP, U6 (Line Drive, 6M, EV 68.8 MPH)
|
Bottom of the 11th over - 0 runs, 0 hits, 1 error, 0 left on base; Augusta 0 - Lakewood 0 |
TOP OF THE 12TH |
Augusta GreenJackets batting - Pitching for Lakewood BlueClaws : RHP Jonathan Beishline
|
Batting: RHB Josh Lippens
|
0-0: Ball 1-0: Ball 2-0: Foul Ball, location: 2F 2-1: Swinging Strike 2-2: Ground out 4-3 (Groundball, 4M, EV 101.2 MPH)
|
Batting: RHB Micah McErlean
|
0-0: Foul Ball, location: 2F 0-1: SINGLE (Groundball, 6MD, EV 105.6 MPH)
|
Pitching: LHP Chris Burch
|
|
Batting: LHB Fred Arends
|
0-0: Ball 1-0: Fly out, F8 (Flyball, 89M, EV 91.9 MPH)
|
Batting: RHB Devin Lowery
|
0-0: Ball 1-0: Ball 2-0: Ball 3-0: Called Strike 3-1: Base on Balls Micah McErlean to second
|
Batting: RHB Ian Richardson
|
0-0: Swinging Strike 0-1: Foul Ball, location: 2F 0-2: Foul Ball, location: 2F 0-2: Strikes out swinging
|
Top of the 12th over - 0 runs, 1 hit, 0 errors, 2 left on base; Augusta 0 - Lakewood 0 |
BOTTOM OF THE 12TH |
Lakewood BlueClaws batting - Pitching for Augusta GreenJackets : RHP Jay Kouns
|
Batting: RHB Mark Schultz
|
0-0: Ball 1-0: Swinging Strike 1-1: Swinging Strike 1-2: Ball 2-2: Foul Ball, location: 2F 2-2: DOUBLE (Groundball, 3L, EV 106.9 MPH)
|
Pitching: RHP Nick McDade
|
|
Batting: SHB Marco de Leon
|
0-0: Ball 1-0: Ball 2-0: Ball 3-0: Called Strike 3-1: Base on Balls
|
Batting: LHB Alex Fernandez
|
0-0: Sac Bunt to 15S - play at first, batter OUT! 1-4 Mark Schultz to third Marco de Leon to second
|
Batting: RHB Prabhukumar Santhanakrishnan
|
0-0: Foul Ball, location: 2F 0-1: Ball 1-1: SINGLE (Groundball, 6, EV 103.1 MPH) (infield hit) Mark Schultz scores
|
Bottom of the 12th over - 1 run, 2 hits, 0 errors, 2 left on base; Augusta 0 - Lakewood 1 |
|